Map: Reclamation LE

Players

MattBarry

  • Race: Protoss Protoss
  • League: Gold
  • Spawn Location: 11:00

MattBarry

  • Race: Zerg Zerg
  • League: Silver
  • Spawn Location: 12:00

MellyWhipper - Winner!

  • Race: Zerg Zerg
  • Spawn Location: 5:00

SlickWilly - Winner!

  • Race: Zerg Zerg
  • Spawn Location: 6:00

VOD

Have the link to the VOD?

Description

Time

  • Played on: Jan. 20, 2023, 1:55 a.m.
  • Length: 10:39
Show
View Real Time Build Order
Export as new Build Order

MattBarry Protoss 

Build Orders: Double Forge 

Get SALT Encoding   

  12  0:00  Probe  
  13  0:12  Probe  
  14  0:20  Pylon  
  14  0:24  Probe  
  15  0:38  Probe  
  15  0:41  Gateway  
  16  0:47  Assimilator  
  16  0:50  Probe  
  17  1:02  Probe  
  18  1:15  Probe  
  19  1:27  Probe  
  19  1:29  Cybernetics Core  
  20  1:33  Pylon  
  20  1:34  Zealot  
  20  1:39  Probe  
  23  1:51  Probe  
  24  2:02  Nexus  
  24  2:05  Probe  
  25  2:09  Warp Gate  
  25  2:17  Probe  
  25  2:20  Pylon  
  26  2:26  Adept  
  28  2:35  Pylon  
  28  2:37  Probe  
  29  2:49  Probe  
  29  2:50  Assimilator  
  30  2:56  Adept  
  32  3:02  Probe  
  33  3:13  Gateway  
  33  3:16  Gateway  
  33  3:19  Probe x2  
  35  3:31  Probe x2  
  35  3:33  Pylon  
  37  3:36  Stalker  
  39  3:42  Assimilator  
  39  3:43  Probe x2  
  39  3:48  Pylon  
  37  4:04  Probe x2  
  37  4:08  Stalker  
  41  4:15  Stalker  
  43  4:17  Stalker  
  43  4:22  Probe x2  
  47  4:31  Forge x2  
  46  4:41  Zealot  
  46  4:44  Zealot  
  50  4:55  Zealot  
  50  4:58  Protoss Ground Weapons Level 1 (Chrono Boost), Protoss Ground Armor Level 1 (Chrono Boost)  
  52  5:03  Probe x2 (Chrono Boost)  
  54  5:10  Twilight Council  
  54  5:11  Pylon  
  54  5:15  Probe (Chrono Boost)  
  54  5:16  Probe (Chrono Boost)  
  56  5:22  Stalker x2  
  56  5:24  Probe x2 (Chrono Boost)  
  62  5:29  Probe x2  
  64  5:36  Assimilator  
  64  5:44  Stargate x2, Blink (Chrono Boost)  
  64  5:50  Probe x2  
  66  6:03  Nexus  
  66  6:05  Pylon  
  66  6:18  Probe x2  
  68  6:28  Pylon  
  68  6:29  Phoenix (Chrono Boost)  
  68  6:30  Protoss Air Weapons Level 1 (Chrono Boost), Probe x2  
  74  6:37  Phoenix (Chrono Boost)  
  74  6:41  Pylon  
  74  6:57  Phoenix x2  
  78  7:16  Protoss Shields Level 1, Probe x3  
  78  7:20  Assimilator  
  81  7:25  Phoenix x2, Assimilator  
  81  7:28  Probe x3  
  88  7:30  Photon Cannon  
  88  7:43  Nexus  
  88  7:45  Pylon  
  88  7:47  Pylon  
  88  7:50  Phoenix x2  
  75  8:15  Phoenix x2  
  75  8:19  Stalker  
  81  8:20  Stalker  
  81  8:21  Stalker  
  85  8:31  Pylon  
  81  8:40  Phoenix  
  83  8:51  Probe x2  
  83  8:53  Nexus  
  85  8:56  Pylon  
  85  8:58  Pylon  
  85  9:03  Probe x2  
  87  9:11  Phoenix x2  
  87  9:15  Probe x2  
  93  9:17  Photon Cannon  
  93  9:19  Photon Cannon  
  92  9:27  Probe x2  
  68  9:52  Zealot x3  
Show
View Real Time Build Order
Export as new Build Order

MattBarry Zerg 

Build Orders: Pool First 

Get SALT Encoding   

  12  0:00  Drone  
  13  0:16  Drone  
  14  0:22  Extractor  
  14  0:26  Drone  
  14  0:33  Spawning Pool  
  13  0:36  Drone  
  14  0:45  Overlord  
  14  1:07  Drone  
  15  1:20  Zergling x6  
  15  1:25  Metabolic Boost  
  18  1:31  Queen  
  20  1:36  Zergling x2  
  21  1:56  Drone  
  22  2:02  Overlord  
  22  2:23  Zergling x4  
  24  2:32  Zergling x2  
  25  2:37  Hatchery  
  24  2:47  Zergling x4  
  26  3:15  Overlord  
  26  3:20  Roach Warren, Drone x2  
  27  3:29  Evolution Chamber  
  26  3:48  Drone  
  26  3:49  Drone  
  22  4:09  Roach  
  31  4:10  Roach x5  
  33  4:17  Drone  
  33  4:21  Queen, Extractor  
  35  4:29  Zerg Missile Weapons Level 1  
  35  4:35  Roach  
  38  4:52  Drone  
  38  4:53  Drone x2  
  38  4:55  Roach  
  42  5:14  Lair  
  42  5:16  Drone  
  43  5:24  Overlord x2  
  43  5:41  Queen  
  45  5:46  Drone x3, Overlord  
  45  5:47  Roach x2  
  45  5:49  Zergling x2  
  53  6:08  Ravager  
  54  6:14  Drone x4  
  54  6:17  Extractor x2  
  56  6:25  Spore Crawler  
  55  6:30  Hatchery  
  54  6:35  Drone  
  54  6:36  Zergling x2  
  56  6:40  Drone x2  
  58  6:58  Spine Crawler  
  57  7:18  Spine Crawler  
  56  7:25  Drone  
  56  7:26  Drone x4  
  56  7:29  Zergling x2  
  62  7:33  Hatchery  
  50  8:10  Zergling x6  
  50  8:11  Zergling x10  
  42  8:24  Drone x2  
  29  8:27  Queen  
  29  8:30  Queen  
  33  8:39  Glial Reconstitution  
  33  8:42  Drone x2  
  35  9:27  Hydralisk Den  
  35  9:31  Hydralisk Den  
  33  9:40  Drone x3, Baneling Nest  
  33  10:00  Zergling x4  
  33  10:01  Zergling x14  
  39  10:10  Zergling x4  
Show
View Real Time Build Order
Export as new Build Order

MellyWhipper Zerg - Winner!

Build Orders: Hatch First 

Get SALT Encoding   

  12  0:01  Drone  
  13  0:12  Overlord  
  13  0:17  Drone  
  14  0:32  Drone x2  
  16  0:52  Hatchery  
  16  0:57  Drone x2  
  17  0:59  Drone  
  18  1:10  Extractor  
  17  1:16  Spawning Pool  
  17  1:18  Drone  
  17  1:22  Drone  
  18  1:31  Drone  
  19  1:43  Overlord  
  19  2:03  Zergling x4  
  19  2:04  Queen  
  19  2:05  Zergling x2  
  19  2:06  Queen  
  26  2:12  Metabolic Boost  
  26  2:13  Zergling x2  
  27  2:27  Drone x3  
  30  2:37  Drone x2  
  32  2:52  Zergling x4  
  32  2:58  Baneling Nest  
  33  3:04  Zergling x4  
  35  3:06  Drone  
  36  3:20  Overlord  
  36  3:22  Overlord  
  36  3:32  Spore Crawler  
  35  3:34  Spore Crawler  
  35  3:35  Drone x2  
  35  3:37  Lair  
  36  3:43  Drone x4  
  36  3:47  Drone x2  
  42  3:58  Hatchery  
  41  4:02  Baneling  
  41  4:03  Baneling  
  41  4:06  Drone x2  
  43  4:10  Drone  
  43  4:12  Drone  
  43  4:13  Overlord  
  45  4:21  Queen  
  45  4:24  Drone x3  
  49  4:36  Drone x4  
  49  4:38  Extractor  
  52  4:39  Extractor  
  52  4:41  Hydralisk Den, Drone  
  52  4:46  Extractor  
  52  4:47  Drone  
  52  4:48  Drone x2  
  52  4:49  Drone  
  52  4:52  Drone x3  
  58  5:10  Spire  
  58  5:11  Queen  
  58  5:14  Drone x2  
  61  5:24  Extractor x2  
  61  5:25  Baneling x2  
  61  5:27  Zergling x14  
  66  5:30  Overlord x2  
  66  5:48  Zergling x14  
  73  5:59  Drone x4  
  73  6:00  Drone x2  
  73  6:03  Overlord  
  79  6:11  Drone  
  80  6:20  Spore Crawler  
  80  6:25  Zerg Flyer Weapons Level 1  
  79  6:27  Mutalisk  
  79  6:28  Mutalisk x4  
  79  6:30  Overlord  
  79  6:31  Overlord  
  89  6:33  Overseer  
  89  6:38  Overlord  
  89  6:39  Overlord  
  89  6:48  Mutalisk x3  
  89  6:49  Mutalisk  
  97  7:03  Drone x8  
  97  7:05  Drone  
  106  7:16  Mutalisk x3  
  106  7:20  Drone  
  106  7:21  Drone  
  106  7:22  Overlord  
  114  7:35  Evolution Chamber, Drone  
  114  7:37  Evolution Chamber, Drone  
  114  8:04  Overlord  
  114  8:05  Overlord  
  111  8:09  Corruptor x5  
  121  8:19  Drone  
  121  8:21  Overlord x4  
  106  8:34  Corruptor x6  
  96  8:35  Corruptor  
  110  8:43  Infestation Pit, Drone x4  
  110  8:44  Pneumatized Carapace, Drone  
  114  8:57  Hatchery  
  113  9:20  Hatchery  
  113  9:22  Hive  
  112  9:26  Corruptor x2, Spire  
  112  9:28  Zergling x6  
  118  9:38  Overlord x3  
  118  10:00  Drone x8  
  118  10:01  Drone  
  125  10:17  Extractor  
  125  10:18  Spore Crawler, Drone x3  
  125  10:19  Extractor  
  125  10:20  Drone x3  
  125  10:21  Drone x5  
  128  10:22  Drone x2  
  133  10:35  Hatchery  
Show
View Real Time Build Order
Export as new Build Order

SlickWilly Zerg - Winner!

Build Orders: Hatch First, Lurkers 

Get SALT Encoding   

  12  0:00  Drone  
  13  0:13  Overlord  
  13  0:17  Drone  
  14  0:31  Drone x2  
  16  0:50  Hatchery  
  16  0:53  Drone  
  16  0:55  Drone  
  17  0:59  Drone  
  18  1:10  Extractor  
  17  1:14  Spawning Pool  
  17  1:17  Drone  
  17  1:21  Drone  
  18  1:29  Drone  
  19  1:45  Overlord  
  19  2:01  Zergling x4  
  19  2:02  Queen x2  
  19  2:03  Zergling x2  
  26  2:12  Zergling x2  
  26  2:15  Metabolic Boost  
  27  2:17  Zergling x2  
  28  2:27  Drone x2  
  30  2:33  Baneling Nest  
  29  2:42  Drone x2  
  31  2:47  Drone x2  
  33  2:56  Zergling x4, Spine Crawler  
  34  3:05  Overlord  
  34  3:18  Baneling  
  34  3:19  Baneling x2  
  34  3:21  Drone  
  34  3:22  Drone  
  34  3:26  Drone  
  34  3:27  Drone x4  
  41  3:28  Spore Crawler  
  41  3:32  Spore Crawler  
  39  3:41  Overlord  
  39  3:54  Drone x5  
  43  4:10  Lair  
  43  4:16  Extractor  
  42  4:18  Drone x6  
  42  4:19  Hatchery  
  42  4:21  Queen  
  49  4:28  Overlord  
  48  4:44  Drone  
  48  4:45  Drone x2  
  49  4:47  Roach Warren  
  49  4:50  Evolution Chamber  
  49  4:51  Extractor  
  49  4:52  Drone, Extractor  
  46  4:53  Drone x2  
  46  4:54  Drone x2  
  50  5:18  Zerg Missile Weapons Level 1  
  50  5:27  Roach x2  
  50  5:28  Roach x3, Overlord x2  
  60  5:36  Overlord x2  
  60  5:37  Glial Reconstitution  
  60  5:50  Roach  
  60  5:51  Roach x6  
  74  6:10  Roach x4, Drone  
  74  6:11  Drone x4  
  87  6:16  Drone x2  
  89  6:30  Hatchery, Drone  
  89  6:31  Drone x3  
  92  6:39  Overlord  
  92  6:40  Overlord  
  92  6:42  Overlord  
  92  6:43  Overseer  
  92  6:54  Drone  
  92  6:55  Drone x5  
  92  6:58  Extractor x2  
  96  7:02  Hydralisk Den  
  96  7:04  Drone  
  96  7:05  Drone x4  
  96  7:06  Drone  
  101  7:13  Drone x2  
  101  7:14  Overlord  
  103  7:29  Drone x8  
  115  7:30  Drone x4  
  115  7:36  Ravager x2  
  115  7:37  Ravager x6  
  122  7:42  Lurker Den  
  120  7:44  Zerg Missile Weapons Level 2  
  120  7:45  Infestation Pit  
  120  7:47  Evolution Chamber  
  120  7:49  Drone x3  
  120  7:51  Evolution Chamber  
  120  8:05  Hydralisk  
  120  8:06  Hydralisk x2, Overlord  
  120  8:07  Overlord x3  
  125  8:20  Hydralisk x4  
  125  8:22  Overlord x4  
  125  8:25  Hive  
  133  8:28  Zerg Ground Armor Level 1  
  133  8:30  Queen  
  135  8:35  Drone x5  
  140  8:46  Hydralisk x6  
  152  8:50  Muscular Augments  
  152  9:01  Extractor  
  152  9:02  Hydralisk, Extractor  
  150  9:03  Hydralisk x4  
  160  9:15  Lurker  
  160  9:16  Lurker  
  162  9:19  Hatchery  
  162  9:20  Drone x5  
  162  9:21  Drone x3  
  162  9:37  Hydralisk  
  162  9:38  Hydralisk x6  
  156  9:39  Hydralisk  
  156  9:49  Hydralisk  
  156  9:50  Hydralisk x3  
  156  9:52  Zergling x20  
  168  10:01  Drone  
  168  10:02  Drone  
  157  10:17  Lurker x2  
  157  10:18  Lurker x2  
  157  10:19  Zergling x12  
  163  10:30  Hatchery  
  163  10:33  Extractor x2  
Tags
 
Add a new tag
Caveats
  • Supply blocks, unpowered buildings, or Contaminate may cause inaccurate times.
  • Supply counts are checked every 10 seconds.